 Dungeon Crawl Stone Soup version 0.21.0-25-ge575cb9ce8 (webtiles) character file.

7322 Gargoyl the Envoy of Void (level 10, -3/83 HPs)
             Began as a Centaur Abyssal Knight on Jan 23, 2018.
             Was a High Priest of Lugonu.
             Slain by an ogre
             ... wielding a +0 giant club
              (19 damage)
             ... on level 9 of the Dungeon.
             The game lasted 00:18:19 (12010 turns).

Gargoyl the Envoy of Void (Centaur Abyssal Knight) Turns: 12010, Time: 00:18:19

Health: -3/83      AC: 17    Str: 18    XL:     10   Next: 90%
Magic:  15/16      EV:  3    Int: 13    God:    Lugonu [*****.]
Gold:   648        SH: 11    Dex: 13    Spells: 9/9 levels left

rFire    . . .     SeeInvis +   y - +1 hand axe (venom)
rCold    . . .     Gourm    .   s - +0 shield
rNeg     . . .     Faith    .   a - +0 plate armour
rPois    .         Spirit   .   o - +2 hat
rElec    .         Reflect  +   G - +2 cloak
rCorr    .         Harm     .   g - +0 pair of gloves
MR       .....                  (no barding)
Stlth    ..........             d - +2 amulet of reflection
HPRegen  0.23/turn              m - ring of see invisible
MPRegen  0.15/turn              x - ring of flight

@: very quick
A: large, hooves 3, thin skeletal structure 1, clever 1, deformed body, speed 2,
strong 1, tough skin 3
a: Depart the Abyss, Bend Space, Banish, Corrupt, Enter the Abyss, Renounce
Religion, Evoke Flight


You were on level 9 of the Dungeon.
You worshipped Lugonu.
Lugonu was extremely pleased with you.
You were not hungry.

You visited 1 branch of the dungeon, and saw 10 of its levels.
You visited the Abyss 1 time.
You also visited: Sewer.

You collected 648 gold pieces.

Inventory:

Hand Weapons
 y - a +1 hand axe of venom (weapon)
 A - a +0 war axe of protection
Missiles
 M - 4 javelins (quivered)
Armour
 a - a +0 plate armour (worn)
 g - a +0 pair of gloves (worn)
 o - a +2 hat (worn)
 s - a +0 shield (worn)
 G - a +2 cloak (worn)
Jewellery
 d - a +2 amulet of reflection (around neck)
 m - a ring of see invisible (left hand)
 x - a ring of flight (right hand)
Wands
 l - a wand of scattershot (5)
 p - a wand of flame (64)
 E - a wand of enslavement (12)
 F - a wand of iceblast (10)
 H - a wand of digging (12)
 J - a wand of random effects (21)
 L - a wand of polymorph (13)
Scrolls
 j - a scroll of fear
 k - a scroll of magic mapping
 n - 8 scrolls of remove curse
 q - 3 scrolls of identify
 v - 5 scrolls of amnesia
 O - a scroll of teleportation
Potions
 b - 2 potions of heal wounds {unknown}
 f - 8 potions of curing
 h - 5 potions of flight
 i - 3 potions of might {unknown}
 t - 4 potions of brilliance {unknown}
 u - 2 potions of resistance
 w - 3 potions of lignification
 z - a potion of berserk rage {unknown}
 C - 2 potions of degeneration {unknown}
 P - 3 potions of invisibility {unknown}
Books
 e - a book of Necromancy

   Spells                             Type                      Level
   a - Pain                           Necromancy                   1
   b - Animate Skeleton               Necromancy                   1
   c - Vampiric Draining              Necromancy                   3
   d - Regeneration                   Charms/Necromancy            3
   e - Animate Dead                   Necromancy                   4
   f - Borgnjor's Vile Clutch         Necromancy/Earth             5
 r - a book of Misfortune

   Spells                             Type                      Level
   a - Confusing Touch                Hexes                        1
   b - Confuse                        Hexes                        3
   c - Gell's Gravitas                Translocation                3
   d - Petrify                        Transmutation/Earth          4
   e - Metabolic Englaciation         Hexes/Ice                    5
   f - Yara's Violent Unravelling     Hexes/Transmutation          5
 B - a book of Changes

   Spells                             Type                      Level
   a - Beastly Appendage              Transmutation                1
   b - Sticks to Snakes               Transmutation                2
   c - Spider Form                    Transmutation/Poison         3
   d - Ice Form                       Ice/Transmutation            4
   e - Blade Hands                    Transmutation                5
 D - a book of Debilitation

   Spells                             Type                      Level
   a - Corona                         Hexes                        1
   b - Slow                           Hexes                        2
   c - Inner Flame                    Hexes/Fire                   3
   d - Portal Projectile              Hexes/Translocation          3
   e - Cause Fear                     Hexes                        4
   f - Leda's Liquefaction            Hexes/Earth                  4
Comestibles
 c - 16 rations


   Skills:
 + Level 5.8 Fighting
 + Level 7.6 Axes
 + Level 2.6 Throwing
 * Level 7.3 Armour
 + Level 2.3 Dodging
 + Level 4.5 Shields
 * Level 8.0 Invocations


You had 9 spell levels left.
You didn't know any spells.

Dungeon Overview and Level Annotations

Branches:
Dungeon (10/15)            Temple (0/1) D:6             Orc (0/2) D:9
   Lair: D:8-11

Altars:
Cheibriados
Dithmenos
Makhleb
Trog
Uskayaw
Wu Jian
Zin

Annotations:
D:9 1 runed door


Innate Abilities, Weirdness & Mutations

You have hooves in place of feet.
Armour fits poorly on your strangely shaped body.
You cover ground very quickly.
You have extremely tough skin. (AC +3)
You have a somewhat thin skeletal structure. (Dex +2, Stealth)
Your mind is acute. (Int +2)
Your muscles are strong. (Str +2)


Message History

You throw a javelin. The javelin hits the two-headed ogre!
The two-headed ogre is heavily wounded.
You hit the two-headed ogre.
The two-headed ogre is poisoned.
You kick the two-headed ogre!
The two-headed ogre is severely wounded.
You block the two-headed ogre's attack.
The two-headed ogre hits you with a giant club.
The two-headed ogre hits you with a dire flail!
The two-headed ogre hits you with a giant club!
You slash the two-headed ogre!
You kill the two-headed ogre!
Lugonu accepts your kill.
Your Invocations skill increases to level 8!
The ogre hits you with a giant club!
* * * LOW HITPOINT WARNING * * *
Things that are here:
a dire flail; a giant club; a two-headed ogre corpse Your plate armour prevents you from hitting the ogre.
The ogre hits you with a giant club!!
You die...

###.# ##..###
####....... #...#
##.#.#########.......
#.###
#.#..................
##.##
##...#########.......
#...# ##..# ##.#...#
#.#.# #..# #.#....
##.#.#### #..#
#.#...# ...#....#
##..# #.#####
#######.# #..@# #.#
## ...#....# #..O#
#.# #. ##.#.####
#...# #.####. ...#.#
##..# #...... ##...#
#..## ###.### ##.##
#...# #...... #.#
#.#.# ##.#... #.#
#.#.# ##.... #.#
#.#.# ##...


You could see an ogre.

Vanquished Creatures
  3 two-headed ogres
  Pikel (D:7)
  2 hippogriffs (D:9)
  A spriggan (D:8)
  5 yaks (D:9)
  A hungry ghost (D:9)
  A water moccasin (D:8)
  4 orc warriors
  Purgy (Sewer)
  A slave (D:7)
  An eye of draining (D:9)
  2 phantoms
  2 sky beasts
  3 ice beasts
  2 ogres
  A wolf (D:10)
  2 centaurs
  2 big kobolds
  A bullfrog (D:7)
  3 scorpions
  3 wights (D:8)
  A howler monkey (D:8)
  An electric eel (D:10)
  3 crimson imps
  5 hounds
  A jelly (D:8)
  Crazy Yiuf (D:7)
  3 orc priests (D:6)
  A centaur skeleton (D:5)
  6 orc wizards
  3 iguanas
  Natasha (thrice) (D:3)
  6 worker ants
  A hound skeleton (D:8)
  A worker ant zombie (D:7)
  6 adders
  3 shadow imps
  A white imp (D:10)
  A worker ant simulacrum (D:10)
  2 oozes (D:1)
  2 worms
  2 dart slugs
  9 leopard geckos
  45 orcs
  9 giant cockroaches
  6 hobgoblins
  14 jackals
  2 quokkas
  2 ball pythons
  5 bats
  9 frilled lizards
  4 goblins (D:1)
  24 kobolds
  2 leopard gecko skeletons
  A quokka skeleton (D:6)
  A quokka zombie (D:8)
  5 rats
  A plant (D:10)
234 creatures vanquished.

Vanquished Creatures (others)
  An ogre (D:6)
  2 centaurs
  A bush (D:6)
4 creatures vanquished.

Grand Total: 238 creatures vanquished

Notes
Turn   | Place    | Note
-------+----------+-------------------------------------------
     0 | Abyss:1  | Gargoyl the Centaur Abyssal Knight began the quest for the Orb.
     0 | Abyss:1  | Reached XP level 1. HP: 19/19 MP: 2/2
    37 | Abyss:2  | Found a sparkling altar of Nemelex Xobeh.
    55 | Abyss:2  | Found a sparkling altar of Nemelex Xobeh.
    81 | Abyss:2  | Found a sparkling altar of Nemelex Xobeh.
   139 | Abyss:2  | Found a corrupted altar of Lugonu.
   159 | Abyss:2  | Noticed a starcursed mass
   159 | Abyss:2  | Noticed an iron imp
   161 | D:1      | Escaped the Abyss
   608 | D:1      | Reached XP level 2. HP: 8/26 MP: 3/3
   965 | D:1      | Reached * piety under Lugonu
  1486 | D:2      | Reached XP level 3. HP: 31/31 MP: 4/4
  1620 | D:2      | Found a hide-covered altar of Uskayaw.
  1933 | D:3      | Reached ** piety under Lugonu
  2144 | D:3      | Reached XP level 4. HP: 37/40 MP: 5/5
  2803 | D:3      | Noticed Natasha
  2807 | D:3      | Killed Natasha
  2864 | D:3      | Noticed Natasha
  2875 | D:3      | Killed Natasha
  2875 | D:3      | Reached XP level 5. HP: 29/46 MP: 7/7
  3024 | D:3      | Noticed Natasha
  3034 | D:3      | Killed Natasha
  3034 | D:3      | Reached skill level 1 in Dodging
  3327 | D:4      | Reached skill level 3 in Invocations
  3440 | D:4      | Found a glowing drain.
  3457 | Sewer    | Entered a sewer
  3633 | Sewer    | Noticed Purgy
  3638 | Sewer    | Gained mutation: Your flesh is cold resistant. (rC+) [potion of mutation]
  3638 | Sewer    | Gained mutation: Your muscles are strong. (Str +2) [potion of mutation]
  3638 | Sewer    | Gained mutation: You occasionally shout uncontrollably at your foes. [potion of mutation]
  3638 | Sewer    | Gained mutation: You are agile. (Dex +2) [potion of mutation]
  3686 | Sewer    | Killed Purgy
  3686 | Sewer    | Reached XP level 6. HP: 15/52 MP: 8/8
  4135 | D:4      | Reached *** piety under Lugonu
  4149 | D:4      | Reached skill level 1 in Shields
  5043 | D:5      | Entered Level 5 of the Dungeon
  5125 | D:5      | Reached XP level 7. HP: 18/59 MP: 9/9
  5639 | D:5      | Found a bloodstained altar of Trog.
  5647 | D:5      | Found a glowing silver altar of Zin.
  5650 | D:5      | Found a snail-covered altar of Cheibriados.
  5756 | D:6      | Reached skill level 4 in Invocations
  6230 | D:6      | Reached XP level 8. HP: 45/67 MP: 11/11
  6427 | D:6      | Lost mutation: You are agile. (Dex +2) [potion of mutation]
  6427 | D:6      | Lost mutation: Your flesh is cold resistant. (rC+) [potion of mutation]
  6427 | D:6      | Lost mutation: You occasionally shout uncontrollably at your foes. [potion of mutation]
  6427 | D:6      | Gained mutation: You have a somewhat thin skeletal structure. (Dex +2, Stealth) [potion of mutation]
  6427 | D:6      | Gained mutation: Your mind is acute. (Int +2) [potion of mutation]
  6477 | D:6      | Found an ornate altar of the Wu Jian Council.
  6478 | D:6      | Found a burning altar of Makhleb.
  6478 | D:6      | Found a shadowy altar of Dithmenos.
  6682 | D:6      | Reached skill level 5 in Axes
  6872 | D:6      | Found a staircase to the Ecumenical Temple.
  7217 | D:7      | Reached skill level 5 in Invocations
  7225 | D:7      | Reached **** piety under Lugonu
  7578 | D:7      | Reached skill level 5 in Armour
  7578 | D:7      | Reached XP level 9. HP: 31/73 MP: 13/13
  7829 | D:7      | Noticed Pikel
  7849 | D:7      | Killed Pikel
  7950 | D:7      | Noticed a two-headed ogre
  7990 | D:7      | Killed a two-headed ogre
  7990 | D:7      | Reached skill level 5 in Fighting
  7990 | D:7      | Reached skill level 1 in Throwing
  7990 | D:7      | Reached skill level 6 in Invocations
  8294 | D:7      | Found a runed door.
  8710 | D:7      | Noticed Crazy Yiuf
  8715 | D:7      | Killed Crazy Yiuf
  9392 | D:8      | Noticed a two-headed ogre
  9445 | D:8      | Killed a two-headed ogre
  9445 | D:8      | Reached XP level 10. HP: 48/81 MP: 15/15
 10077 | D:8      | Reached skill level 7 in Invocations
 10861 | D:9      | Reached ***** piety under Lugonu
 11149 | D:9      | Found a staircase to the Orcish Mines.
 11289 | D:9      | Found a glowing silver altar of Zin.
 11297 | D:9      | Noticed an angel
 11298 | D:9      | Found a runed door.
 11515 | D:10     | Entered Level 10 of the Dungeon
 11713 | D:10     | Noticed a two-headed ogre
 12008 | D:9      | Killed a two-headed ogre
 12008 | D:9      | Reached skill level 8 in Invocations
 12010 | D:9      | Slain by an ogre

Skill      XL: |  1  2  3  4  5  6  7  8  9 10 |
---------------+-------------------------------+-----
Axes           | 2 3 4 5 6 7 |  7.6
Armour         | 2 3 4 5 6 7 |  7.3
Dodging        | 1 2 |  2.3
Fighting       | 4 5 |  5.8
Invocations    | 3 4 5 6 8 |  8.0
Shields        | 1 2 3 4 |  4.5
Throwing       | 2 |  2.6

Action                   |  1- 3 |  4- 6 |  7- 9 | 10-12 || total
-------------------------+-------+-------+-------+-------++-------
Melee: Hand axe          |    94 |   242 |   291 |   233 ||   860
       Kick              |    15 |    41 |    79 |    89 ||   224
       War axe           |       |       |    14 |    32 ||    46
Throw: Tomahawk          |       |       |    18 |       ||    18
       Javelin           |       |       |       |     3 ||     3
Invok: Depart the Abyss  |     1 |       |       |       ||     1
       Banish            |       |       |     1 |       ||     1
  Use: Scroll            |     1 |     9 |     5 |     2 ||    17
       Potion            |     1 |     5 |     1 |       ||     7
  Eat: Chunk             |     3 |     7 |     9 |     6 ||    25
       Ration            |       |       |     2 |     2 ||     4
Armor: Leather armour    |    15 |       |       |       ||    15
       Ring mail         |    48 |    37 |       |       ||    85
       Skin              |       |    94 |       |       ||    94
       Scale mail        |       |    82 |    76 |       ||   158
       Chain mail        |       |       |    19 |       ||    19
       Plate armour      |       |       |    58 |   139 ||   197
Dodge: Dodged            |    41 |    51 |    35 |    24 ||   151
Block: Other             |    11 |     6 |       |       ||    17
       Shield            |       |   138 |   164 |   139 ||   441
       Reflection        |       |     2 |    13 |     6 ||    21
